[ AOE2 MATCH · #493671877 ]
UnrankedDravidians vs Mongols
Player's team · WIN
Rival team · LOSS
[ REPLAY ANALYSIS · EXTRACTED FROM THE RECORDED GAME ]
Feudal
9:45
Castle
20:26
Imperial
46:12
| APM avg | 130.6 |
| APM peak | 188 |
| eAPM avg | 85.1 |
| Villagers / military | 170 / 147 |
Focus
⚔️ 75.1% · 🌾 24.9%
Skirmisher ×112 · Urumi Swordsman ×13 · Archer ×10 · Militia ×6 · Monk ×2 · Mangonel ×1
Feudal
9:50
Castle
13:57
Imperial
—
| APM avg | 77.7 |
| APM peak | 142 |
| eAPM avg | 27.9 |
| Villagers / military | 129 / 71 |
Focus
⚔️ 30.3% · 🌾 69.7%
Scout Cavalry ×31 · Mangudai ×29 · Battering Ram ×7 · Mangonel ×4
Match map
Initial resources + every placement click. Lines = walls · curves = elevation contours. ◆ gold · ⬟ stone · ● berries · ✦ relic · ◌ wall gap
Your base· Open — 4t gap
Nopantsday's base· Open — unwalled flank
Smoothed initial terrain · ◌ = detected wall gap · hover for details
Inputs per minute
— Fukoti - - Nopantsday
Build order — Fukoti
First 150 of 495 actions detected
| 0:00 | Queue | Villager (Male) |
| 0:00 | Queue | Villager (Male) |
| 0:02 | Build | House |
| 0:04 | Build | House |
| 0:05 | Research | Loom |
| 0:09 | Queue | Villager (Male) |
| 0:10 | Queue | Villager (Male) |
| 0:10 | Queue | Villager (Male) |
| 0:11 | Queue | Villager (Male) |
| 0:11 | Queue | Villager (Male) |
| 1:19 | Queue | Villager (Male) |
| 1:19 | Queue | Villager (Male) |
| 1:50 | Build | Lumber Camp |
| 2:02 | Queue | Villager (Male) |
| 2:02 | Queue | Villager (Male) |
| 2:28 | Queue | Villager (Male) |
| 2:29 | Queue | Villager (Male) |
| 3:02 | Queue | Villager (Male) |
| 3:30 | Queue | Villager (Male) |
| 3:30 | Queue | Villager (Male) |
| 3:40 | Build | House |
| 3:50 | Queue | Villager (Male) |
| 4:28 | Queue | Villager (Male) |
| 4:59 | Queue | Villager (Male) |
| 4:59 | Queue | Villager (Male) |
| 5:19 | Queue | Villager (Male) |
| 5:19 | Queue | Villager (Male) |
| 5:20 | Queue | Villager (Male) |
| 5:35 | Queue | Villager (Male) |
| 5:39 | Build | Barracks |
| 5:42 | Build | House |
| 6:07 | Queue | Villager (Male) |
| 6:08 | Queue | Villager (Male) |
| 6:24 | Queue | Villager (Male) |
| 7:27 | Research | Feudal Age |
| 7:27 | Research | Feudal Age |
| 7:34 | Build | Mining Camp |
| 7:45 | Queue | Militia |
| 7:45 | Queue | Militia |
| 7:50 | Build | House |
| 8:02 | Queue | Villager (Male) |
| 8:16 | Queue | Militia |
| 8:17 | Queue | Militia |
| 8:22 | Build | Palisade Wall |
| 8:22 | Build | Palisade Wall |
| 8:24 | Build | Palisade Wall |
| 8:25 | Build | Palisade Wall |
| 8:25 | Build | Palisade Wall |
| 8:26 | Build | Palisade Wall |
| 8:28 | Queue | Villager (Male) |
| 8:45 | Queue | Militia |
| 8:45 | Queue | Militia |
| 9:30 | Queue | Villager (Male) |
| 9:45 | Age | Feudal Age |
| 9:49 | Research | Man-at-Arms (upgrade) |
| 9:50 | Research | Double-Bit Axe |
| 9:50 | Research | Double-Bit Axe |
| 10:02 | Queue | Villager (Male) |
| 10:08 | Build | Archery Range |
| 10:11 | Queue | Villager (Male) |
| 10:13 | Build | Mill |
| 10:16 | Build | House |
| 10:37 | Queue | Villager (Male) |
| 10:51 | Queue | Archer |
| 10:53 | Build | Blacksmith |
| 11:02 | Queue | Villager (Male) |
| 11:07 | Build | Farm |
| 11:09 | Queue | Villager (Male) |
| 11:21 | Queue | Archer |
| 11:22 | Queue | Spearman |
| 11:48 | Build | Watch Tower |
| 11:56 | Queue | Villager (Male) |
| 12:16 | Queue | Villager (Male) |
| 12:20 | Queue | Villager (Male) |
| 12:21 | Build | House |
| 12:23 | Research | Wheelbarrow |
| 12:23 | Research | Wheelbarrow |
| 12:42 | Queue | Villager (Male) |
| 13:20 | Queue | Villager (Male) |
| 13:21 | Queue | Archer |
| 14:01 | Queue | Villager (Male) |
| 14:04 | Build | House |
| 14:16 | Research | Fletching |
| 14:16 | Research | Fletching |
| 14:33 | Queue | Villager (Male) |
| 14:48 | Build | Market |
| 14:59 | Build | Lumber Camp |
| 15:11 | Queue | Villager (Male) |
| 15:14 | Build | Farm |
| 15:17 | Build | Farm |
| 15:41 | Queue | Archer |
| 15:44 | Build | Farm |
| 15:48 | Build | Archery Range |
| 15:51 | Queue | Archer |
| 15:58 | Queue | Villager (Male) |
| 16:02 | Queue | Villager (Male) |
| 16:05 | Research | Arson |
| 16:09 | Build | House |
| 16:41 | Queue | Archer |
| 16:46 | Build | House |
| 16:56 | Queue | Villager (Male) |
| 17:19 | Queue | Villager (Male) |
| 17:46 | Research | Castle Age |
| 17:46 | Research | Castle Age |
| 18:00 | Research | Padded Archer Armor |
| 18:00 | Research | Padded Archer Armor |
| 18:17 | Queue | Villager (Male) |
| 18:38 | Queue | Skirmisher |
| 18:42 | Queue | Skirmisher |
| 18:43 | Queue | Skirmisher |
| 18:50 | Build | Archery Range |
| 19:31 | Queue | Skirmisher |
| 19:44 | Queue | Skirmisher |
| 19:54 | Queue | Skirmisher |
| 20:15 | Queue | Skirmisher |
| 20:16 | Queue | Villager (Male) |
| 20:22 | Queue | Villager (Male) |
| 20:26 | Age | Castle Age |
| 20:31 | Build | Town Center |
| 20:35 | Research | Bodkin Arrow |
| 20:47 | Research | Elite Skirmisher (upgrade) |
| 20:47 | Research | Elite Skirmisher (upgrade) |
| 20:49 | Queue | Skirmisher |
| 20:50 | Queue | Skirmisher |
| 20:50 | Queue | Villager (Male) |
| 20:51 | Queue | Villager (Male) |
| 21:06 | Queue | Villager (Male) |
| 21:49 | Queue | Villager (Male) |
| 21:49 | Queue | Villager (Male) |
| 21:52 | Queue | Villager (Male) |
| 21:53 | Queue | Villager (Male) |
| 21:55 | Build | Farm |
| 22:03 | Build | House |
| 22:06 | Build | Palisade Wall |
| 22:25 | Queue | Villager (Male) |
| 22:25 | Queue | Villager (Male) |
| 22:25 | Queue | Villager (Male) |
| 22:43 | Build | University |
| 22:52 | Build | Farm |
| 22:55 | Queue | Villager (Male) |
| 23:12 | Queue | Skirmisher |
| 23:12 | Queue | Skirmisher |
| 23:29 | Queue | Villager (Male) |
| 23:30 | Queue | Villager (Male) |
| 23:30 | Queue | Villager (Male) |
| 23:30 | Queue | Villager (Male) |
| 23:42 | Research | Ballistics |
| 23:44 | Queue | Skirmisher |
| 23:44 | Queue | Skirmisher |
| 23:44 | Queue | Skirmisher |
Build order — Nopantsday
First 150 of 371 actions detected
| 0:00 | Queue | Villager (Male) |
| 0:01 | Queue | Villager (Male) |
| 0:01 | Queue | Villager (Male) |
| 0:01 | Queue | Villager (Male) |
| 0:02 | Build | House |
| 0:05 | Build | House |
| 0:09 | Research | Loom |
| 0:31 | Queue | Villager (Male) |
| 0:31 | Queue | Villager (Male) |
| 0:32 | Queue | Villager (Male) |
| 0:32 | Queue | Villager (Male) |
| 1:33 | Queue | Villager (Male) |
| 2:24 | Queue | Villager (Male) |
| 2:25 | Queue | Villager (Male) |
| 2:43 | Queue | Villager (Male) |
| 2:47 | Build | Lumber Camp |
| 3:12 | Queue | Villager (Male) |
| 3:21 | Queue | Villager (Male) |
| 3:42 | Build | House |
| 3:59 | Queue | Villager (Male) |
| 4:23 | Queue | Villager (Male) |
| 4:23 | Queue | Villager (Male) |
| 4:41 | Queue | Villager (Male) |
| 4:43 | Queue | Villager (Male) |
| 4:49 | Build | House |
| 5:10 | Queue | Villager (Male) |
| 5:25 | Build | Palisade Wall |
| 5:27 | Build | Palisade Wall |
| 5:29 | Queue | Villager (Male) |
| 5:46 | Build | Palisade Wall |
| 5:48 | Build | Palisade Wall |
| 5:49 | Build | Palisade Wall |
| 5:51 | Build | Palisade Wall |
| 5:51 | Build | Palisade Wall |
| 5:56 | Queue | Villager (Male) |
| 6:40 | Build | Mining Camp |
| 7:33 | Research | Feudal Age |
| 8:30 | Build | Mill |
| 8:58 | Queue | Villager (Male) |
| 8:58 | Queue | Villager (Male) |
| 9:50 | Age | Feudal Age |
| 9:55 | Build | Market |
| 9:58 | Build | Blacksmith |
| 10:05 | Build | Palisade Wall |
| 10:52 | Build | Palisade Wall |
| 11:17 | Research | Castle Age |
| 11:50 | Build | House |
| 12:44 | Research | Double-Bit Axe |
| 12:44 | Research | Double-Bit Axe |
| 12:49 | Build | Palisade Wall |
| 13:06 | Queue | Villager (Male) |
| 13:06 | Queue | Villager (Male) |
| 13:43 | Build | Palisade Wall |
| 13:57 | Age | Castle Age |
| 14:07 | Build | Castle |
| 14:15 | Queue | Villager (Male) |
| 14:25 | Build | Mining Camp |
| 14:35 | Queue | Villager (Male) |
| 14:52 | Queue | Villager (Male) |
| 15:07 | Queue | Mangudai |
| 15:08 | Queue | Mangudai |
| 15:17 | Build | Farm |
| 15:18 | Queue | Villager (Male) |
| 15:32 | Queue | Mangudai |
| 15:32 | Queue | Mangudai |
| 15:46 | Queue | Villager (Male) |
| 15:54 | Queue | Mangudai |
| 16:07 | Build | House |
| 16:09 | Build | Palisade Wall |
| 16:23 | Queue | Mangudai |
| 16:23 | Queue | Mangudai |
| 16:45 | Queue | Mangudai |
| 16:45 | Queue | Mangudai |
| 16:46 | Queue | Villager (Male) |
| 17:00 | Queue | Mangudai |
| 17:04 | Queue | Villager (Male) |
| 17:22 | Queue | Mangudai |
| 17:33 | Research | Fletching |
| 17:33 | Research | Fletching |
| 17:34 | Queue | Villager (Male) |
| 17:47 | Queue | Mangudai |
| 17:51 | Build | House |
| 18:41 | Queue | Villager (Male) |
| 18:43 | Queue | Mangudai |
| 18:43 | Queue | Mangudai |
| 18:48 | Queue | Villager (Male) |
| 18:49 | Build | Farm |
| 18:50 | Build | Farm |
| 19:03 | Queue | Villager (Male) |
| 19:05 | Queue | Mangudai |
| 19:29 | Queue | Villager (Male) |
| 20:04 | Research | Bodkin Arrow |
| 20:04 | Research | Bodkin Arrow |
| 20:12 | Queue | Mangudai |
| 20:12 | Queue | Mangudai |
| 20:13 | Queue | Villager (Male) |
| 20:24 | Queue | Villager (Male) |
| 20:32 | Queue | Villager (Male) |
| 21:00 | Queue | Mangudai |
| 21:22 | Queue | Villager (Male) |
| 21:26 | Build | University |
| 21:31 | Queue | Villager (Male) |
| 21:34 | Queue | Mangudai |
| 21:34 | Queue | Mangudai |
| 21:52 | Queue | Mangudai |
| 22:35 | Research | Ballistics |
| 22:38 | Queue | Mangudai |
| 22:42 | Queue | Villager (Male) |
| 22:44 | Queue | Villager (Male) |
| 22:51 | Queue | Villager (Male) |
| 22:53 | Build | House |
| 23:16 | Queue | Villager (Male) |
| 23:22 | Build | House |
| 23:31 | Build | Siege Workshop |
| 23:37 | Queue | Villager (Male) |
| 23:43 | Research | Padded Archer Armor |
| 23:43 | Research | Padded Archer Armor |
| 23:52 | Queue | Villager (Male) |
| 23:53 | Queue | Mangudai |
| 23:54 | Queue | Mangudai |
| 23:59 | Build | House |
| 24:00 | Queue | Villager (Male) |
| 24:11 | Build | Farm |
| 24:18 | Queue | Mangudai |
| 24:35 | Queue | Mangudai |
| 24:47 | Queue | Villager (Male) |
| 24:48 | Build | Farm |
| 25:08 | Queue | Villager (Male) |
| 25:11 | Build | Town Center |
| 25:35 | Queue | Mangonel |
| 25:48 | Queue | Villager (Male) |
| 25:59 | Build | Outpost |
| 26:02 | Queue | Villager (Male) |
| 26:06 | Build | Farm |
| 26:13 | Build | House |
| 26:20 | Queue | Villager (Male) |
| 26:21 | Queue | Mangudai |
| 26:45 | Queue | Mangudai |
| 27:02 | Queue | Mangonel |
| 27:03 | Queue | Villager (Male) |
| 27:04 | Queue | Villager (Male) |
| 27:11 | Build | Town Center |
| 27:24 | Build | Farm |
| 27:28 | Build | Farm |
| 27:35 | Queue | Villager (Male) |
| 27:42 | Build | Farm |
| 27:51 | Build | House |
| 28:01 | Build | Farm |
| 28:38 | Queue | Villager (Male) |
| 28:51 | Queue | Villager (Male) |
Match timeline
| 5:25 | Nopantsday · wall_segment Palisade Wall x1 |
| 5:27 | Nopantsday · wall_segment Palisade Wall x1 |
| 5:39 | Fukoti · first_building Barracks |
| 5:46 | Nopantsday · wall_segment Palisade Wall x1 |
| 5:48 | Nopantsday · wall_segment Palisade Wall x1 |
| 5:49 | Nopantsday · wall_segment Palisade Wall x1 |
| 5:51 | Nopantsday · wall_segment Palisade Wall x1 |
| 5:51 | Nopantsday · wall_segment Palisade Wall x1 |
| 8:22 | Fukoti · wall_segment Palisade Wall x1 |
| 8:22 | Fukoti · wall_segment Palisade Wall x1 |
| 8:24 | Fukoti · wall_segment Palisade Wall x1 |
| 8:25 | Fukoti · wall_segment Palisade Wall x1 |
| 8:25 | Fukoti · wall_segment Palisade Wall x1 |
| 8:26 | Fukoti · wall_segment Palisade Wall x1 |
| 9:45 | Fukoti · age_up feudal |
| 9:50 | Nopantsday · age_up feudal |
| 10:05 | Nopantsday · wall_segment Palisade Wall x1 |
| 10:08 | Fukoti · first_building Archery Range |
| 10:52 | Nopantsday · wall_segment Palisade Wall x1 |
| 10:59 | Nopantsday · first_market_sell 100 stone |
| 11:12 | Nopantsday · first_market_buy 100 food |
| 12:49 | Nopantsday · wall_segment Palisade Wall x1 |
| 13:43 | Nopantsday · wall_segment Palisade Wall x1 |
| 13:57 | Nopantsday · age_up castle |
| 14:07 | Nopantsday · first_building Castle |
| 16:09 | Nopantsday · wall_segment Palisade Wall x1 |
| 17:17 | Fukoti · first_market_sell 100 wood |
| 17:17 | Fukoti · first_market_buy 100 food |
| 20:26 | Fukoti · age_up castle |
| 22:06 | Fukoti · wall_segment Palisade Wall x1 |
| 23:31 | Nopantsday · first_building Siege Workshop |
| 25:12 | Fukoti · first_building Siege Workshop |
| 30:23 | Nopantsday · first_building Barracks |
| 36:12 | Fukoti · first_building Castle |
| 38:06 | Nopantsday · first_building Stable |
| 40:04 | Fukoti · first_building Monastery |
| 45:41 | Nopantsday · first_building Monastery |
| 46:12 | Fukoti · age_up imperial |
| 46:19 | Nopantsday · resign |
[ AI ANALYSIS · 1 CREDIT ]
What really happened in this match?
Wolo.gg analyzes every decision: build order, eco, micro, common mistakes by bracket. Personalized analysis on WhatsApp or Discord in 30 seconds.
Civ guide
Dravidians
Perfil
Fukoti